 Dungeon Crawl Stone Soup version 0.28-a0-793-g31680bbd8b (webtiles) character file.

Game seed: 1509385896977689467

35 ytrimaz the Skirmisher (level 3, -7/29 HPs)
             Began as a Demonspawn Fighter on Nov 3, 2021.
             Mangled by Terence (12 damage)
             ... on level 2 of the Dungeon.
             The game lasted 00:01:13 (1206 turns).

ytrimaz the Skirmisher (Demonspawn Fighter)         Turns: 1206, Time: 00:01:13

Health: -7/29      AC:  7    Str: 23    XL:     3   Next: 17%
Magic:  3/3        EV: 10    Int:  9    God:
Gold:   32         SH:  4    Dex: 12    Spells: 2/2 levels left

rFire   . . .      SeeInvis .     - Unarmed
rCold   . . .      Faith    .   c - +0 buckler
rNeg    . . .      Spirit   .   b - +0 scale mail
rPois   .          Reflect  .   f - +0 helmet
rElec   .          Harm     .   (no cloak)
rCorr   .          Rampage  .   (no gloves)
Will    .....                   (no boots)
Stlth   ..........              (no amulet)
HPRegen 0.09/turn               e - +6 ring of strength
MPRegen 0.08/turn               (no ring)

@: mighty
A: claws 1, deterioration 1
a: no special abilities


You were on level 2 of the Dungeon.
You visited 1 branch of the dungeon, and saw 2 of its levels.

You collected 32 gold pieces.

Inventory:

Armour
 b - a +0 scale mail (worn)
 c - a +0 buckler (worn)
 f - a +0 helmet (worn)
Jewellery
 e - a +6 ring of strength (left claw)
Potions
 a - 2 potions of mutation


   Skills:
 + Level 3.3 Fighting
 - Level 1.7 Short Blades
 + Level 2.9 Armour
 * Level 1.0 Dodging
 + Level 3.0 Shields
 * Level 1.0 Unarmed Combat


You had 2 spell levels left.
You didn't know any spells.
Your spell library was empty.

Dungeon Overview and Level Annotations

Branches:
Dungeon (2/15)

Altars:

Shops:
D:1 (

Annotations:
D:2 Terence


Innate Abilities, Weirdness & Mutations

You have sharp fingernails.
Your body sometimes deteriorates upon taking damage.


Message History

No target in view!
No target in view!
No target in view!
No target in view!
No target in view!
No target in view!
You see here a hobgoblin corpse.
You see here a +0 ring mail.
You now have 32 gold pieces (gained 12).
Terence the Incautious comes into view.
He is wielding a +6 vorpal trident.
Terence drinks a potion.
Terence seems to speed up.
Terence is nearby!
Terence hits you from afar with a +6 vorpal trident.
Terence hits you with a +6 vorpal trident.
You scratch Terence.
Terence is lightly wounded.
Terence screams, "I want your blood!" Terence barely misses you.
You block Terence's attack.
You closely miss Terence.
Terence is lightly wounded.
Terence hits you with a +6 vorpal trident.
You scratch Terence.
Terence is lightly wounded.
Terence hits you with a +6 vorpal trident!
* * * LOW HITPOINT WARNING * * *
x2 Terence closely misses you.
You are too injured to fight recklessly!
You are too injured to fight recklessly!
You are too injured to fight recklessly!
You are too injured to fight recklessly!
You are too injured to fight recklessly!
You are too injured to fight recklessly!
You are too injured to fight recklessly!
It was a potion of mutation.
You feel extremely strange.
You feel yourself wasting away. You block Terence's attack.
You feel very mighty all of a sudden. Terence barely misses you.
Terence hits you with a +6 vorpal trident!
You die...

#####
.....
♣... #..#
♣..# #@.#
♣.♣@.#
#.#..#
♣.♣..##.#
#.#....#
♣.♣.###.#
#.#.# .#
♣.♣.# .#
#...# #
###.#


You could see Terence (fast).

Vanquished Creatures
  A dart slug (D:1)
  2 bats
  4 endoplasms (D:1)
  A giant cockroach (D:1)
  2 goblins (D:1)
  7 hobgoblins
  5 ball pythons (D:1)
  2 frilled lizards (D:1)
  3 kobolds (D:1)
  4 rats (D:1)
31 creatures vanquished.

Notes
Turn   | Place    | Note
-------+----------+-------------------------------------------
     0 | D:1      | ytrimaz the Demonspawn Fighter began the quest for the Orb.
     0 | D:1      | Reached XP level 1. HP: 18/18 MP: 1/1
   182 | D:1      | Found Gohi's Weapon Shop.
   192 | D:1      | Gained mutation: You have sharp fingernails. [demonic
                  | ancestry]
   192 | D:1      | Reached XP level 2. HP: 24/24 MP: 2/2
   492 | D:1      | Reached skill level 1 in Dodging
   707 | D:1      | Reached XP level 3. HP: 22/29 MP: 3/3
  1050 | D:1      | Reached skill level 1 in Unarmed Combat
  1198 | D:2      | Noticed Terence
  1205 | D:2      | Gained mutation: Your body sometimes deteriorates upon
                  | taking damage. [potion of mutation]
  1206 | D:2      | Mangled by Terence

Illustrated notes

Levels and vault maps discovered:
D:1:      psy_arrival_radial01, layout_basic, serial_shops,
          nicolae_shop_statue_plus
D:2:      minmay_wonky_spiral, layout_loops_ring, basic_altar, serial_forest,
          infiniplex_forest_lined_1, infiniplex_forest_clump_large,
          infiniplex_forest_end_2, infiniplex_forest_lined_3,
          infiniplex_forest_zigzag_1, infiniplex_forest_lined_3,
          infiniplex_forest_clump_large, uniq_natasha, uniq_terence

Skill      XL: |  1  2  3 |
---------------+----------+-----
Dodging        | 1 |  1.0
Shields        | 3 |  3.0
Unarmed Combat | 1 |  1.0
Fighting       | |  3.3
Short Blades   | |  1.7
Armour         | |  2.9

Action                   || total
-------------------------++-------
Melee: Rapier            ||    22
       Unarmed           ||    91
  Use: Potion            ||     2
Armor: Scale mail        ||    39
Dodge: Dodged            ||    64
Block: Buckler           ||    25

Table legend: (Time is in decaauts)
 A = Elapsed time spent in this place.
 B = Non-inter-level travel time spent in this place.
 C = Inter-level travel time spent in this place.
 D = Time resting spent in this place.
 E = Time spent auto-exploring this place.
 F = Levels seen in this place.
 G = Mean time per level.
                   A        B        C        D        E       F      G
               +--------+--------+--------+--------+--------+-----+--------+
         Total |   1209 |   1206 |      3 |      0 |    976 |   2 |  604.5 |
       Dungeon |   1209 |   1206 |      3 |      0 |    976 |   2 |  604.5 |
               +--------+--------+--------+--------+--------+-----+--------+

Top non-repeatable levels by time:
     D:1: 1151 daAuts
     D:2: 57 daAuts
